 Dungeon Crawl Stone Soup version 0.28-a0-474-g535839065c (webtiles) character file.

Game seed: 4812286395902268380

33 spiderkeys the Skirmisher (level 3, -32/26 HPs)
             Began as an Octopode Abyssal Knight on Sept 16, 2021.
             Was a Follower of Lugonu.
             Annihilated by a tentacled starspawn (38 damage)
             ... on level 2 of the Abyss.
             The game lasted 00:00:56 (179 turns).

spiderkeys the Skirmisher (Octopode Abyssal Knight)  Turns: 179, Time: 00:00:57

Health: -32/26     AC:  1    Str: 12    XL:     3   Next: 29%
Magic:  4/4        EV: 13    Int: 14    God:    Lugonu [*.....]
Gold:   51         SH:  0    Dex: 11    Spells: 2/2 levels left

rFire   . . .      SeeInvis .   a - +1 spear
rCold   . . .      Faith    .   (no shield)
rNeg    . . .      Spirit   .   (helmet restricted)
rPois   .          Reflect  .   (no amulet)
rElec   .          Harm     .   (no ring)
rCorr   .          Rampage  .   (no ring)
Will    .....                   (no ring)
Stlth   ++........              (no ring)
HPRegen 0.08/turn               (no ring)
MPRegen 0.09/turn               (no ring)
                                (no ring)
                                (no ring)

@: no status effects
A: almost no armour, amphibious, 8 rings, camouflage 1, gelatinous body 1,
(nimble swimmer 1), tentacles
a: Renounce Religion, Depart the Abyss


You were on level 2 of the Abyss.
You worshipped Lugonu.
Lugonu was aware of your devotion.
You visited 0 branches of the dungeon, and saw 0 of its levels.
You visited the Abyss 1 time.

You collected 51 gold pieces.


Innate Abilities, Weirdness & Mutations

You cannot wear most types of armour.
You are amphibious.
You can wear up to eight rings at the same time.
Your skin changes colour to match your surroundings (Stealth+).
Your rubbery body absorbs attacks. (AC +1, EV +1)
((You are camouflaged near water. (Stealth+)))
You have tentacles for arms and can constrict up to eight enemies at once.


   Skills:
 + Level 3.3 Fighting
 + Level 2.4 Polearms
 + Level 2.8 Dodging
 + Level 2.5 Invocations


You had 2 spell levels left.
You didn't know any spells.
Your spell library was empty.

Inventory:

Hand Weapons
 a - a +1 spear (weapon)
Wands
 c - a wand of polymorph (5)
   (You found it on level 2 of the Abyss)

Dungeon Overview and Level Annotations

Branches:
Dungeon (0/15)

Altars:

.. ## .##.
.. #>. #..
##.####
#.#x..# #
#.#.#@#.#
## #...#X.#
#..##.#...#
#. #..####
#......#
#..#...##
#..# ..
#..#...####
#. #......#


You could see a tentacled starspawn and a small abomination.


Message History

🤖 Initializing magus.rc ...
Options error: Delay interrupt name "hungry" not recognised. (~/.crawlrc:4988) ✅ Successfully initialized magus.rc [v1.9.10] Welcome, spiderkeys the Octopode Abyssal Knight.
It is said that the Orb of Zot exists deep within this dungeon.
Lugonu says: Depart the Abyss and spread corruption, my servant! (use the ability menu to exit the Abyss) Press ? for a list of commands and other information.
Found a corrupted altar of Lugonu.
You now have 3 gold pieces.
Found a gateway leading out of the Abyss.
You see here a +0 dagger.
b - a scroll labelled NUGAL VIMAJORI
As you read the scroll labelled NUGAL VIMAJORI, it crumbles to dust.
It is a scroll of identify.
You don't have any unidentified items.
You see here a +0 dagger.
Found a gateway leading deeper into the Abyss.
There is a gateway leading deeper into the Abyss here.
You plunge deeper into the Abyss.
b - a wand of iceblast (7)
You now have 30 gold pieces (gained 27).
c - a scroll labelled GIUXYU WEUQ
As you read the scroll labelled GIUXYU WEUQ, it crumbles to dust.
You assume a fearsome visage.
Nothing appears to happen.
It was a scroll of fear.
You now have 51 gold pieces (gained 21).
A quasit comes into view.
Aiming: Iceblast
Press: ? - help, Shift-Dir - straight line The mass of ice explodes!
The iceblast engulfs the quasit!
The quasit partially resists.
The quasit gives a chilling moan.
Aiming: Iceblast
Press: ? - help, Shift-Dir - straight line The mass of ice explodes!
The iceblast engulfs the quasit!
The quasit partially resists.
You kill the quasit!
You have reached level 2!
You have reached level 3!
Your experience leads to an increase in your attributes!
Increase (S)trength, (I)ntelligence, or (D)exterity?
You feel stronger. 😎 HP[+10] MP[+2]
You now have 26 max hp (+10).
Your hp is fully restored (26).
Your mp is fully restored (4).
The substance of the Abyss twists violently, and a gateway leading out appears!
There is a gateway leading out of the Abyss here.
c - a wand of polymorph (5)
A tentacled starspawn comes into view.
Found a gateway leading deeper into the Abyss.
Aiming: Iceblast
Press: ? - help, Shift-Dir - straight line, f - tentacled starspawn
Aim: a tentacled starspawn The mass of ice explodes!
The iceblast engulfs the tentacled starspawn!
Aiming: Iceblast
Press: ? - help, Shift-Dir - straight line, f/p - tentacled starspawn
Aim: a tentacled starspawn (lightly damaged)
The mass of ice explodes!
The iceblast engulfs the tentacled starspawn.
Tentacles burst from the starspawn's body! 2 starspawn tentacles come into view.
Aiming: Iceblast
Press: ? - help, Shift-Dir - straight line, f/p - tentacled starspawn
Aim: a tentacled starspawn (moderately damaged)
The mass of ice explodes!
The iceblast engulfs the starspawn tentacle.
The iceblast engulfs the tentacled starspawn!
A small abomination comes into view.
Aiming: Iceblast
Press: ? - help, Shift-Dir - straight line, p - tentacled starspawn The mass of ice explodes!
The iceblast engulfs the tentacled starspawn!
The tentacled starspawn completely misses you.
The tentacled starspawn tentacle-slaps you!!
Ouch! That really hurt!
* * * LOW HITPOINT WARNING * * *
😱 HP[-20]
You take 20 damage, and now have 6/26 hp.
MASSIVE DAMAGE!! (PAUSE)
Aiming: Iceblast
Press: ? - help, Shift-Dir - straight line The mass of ice explodes!
The iceblast engulfs the tentacled starspawn!
The now-empty wand crumbles to dust.
The tentacled starspawn bites you!!!
Ouch! That really hurt!
You die...

Action                   || total
-------------------------++-------
Evoke: Wand              ||     7
  Use: Scroll            ||     2
Dodge: Dodged            ||     1

Levels and vault maps discovered:
Abyss:2:  base:
Temple

Notes
Turn   | Place    | Note
-------+----------+-------------------------------------------
     0 | Abyss:1  | spiderkeys the Octopode Abyssal Knight began the quest for
                  | the Orb.
     0 | Abyss:1  | Reached XP level 1. HP: 16/16 MP: 2/2
     0 | Abyss:1  | magus.rc [v1.9.10]
   154 | Abyss:2  | Noticed a quasit
   161 | Abyss:2  | Killed a quasit
   162 | Abyss:2  | Reached XP level 2. HP: 21/21 MP: 3/3
   162 | Abyss:2  | Reached XP level 3. HP: 26/26 MP: 4/4
   172 | Abyss:2  | Noticed a tentacled starspawn
   175 | Abyss:2  | Noticed a small abomination
   178 | Abyss:2  | HP: 6/26 [tentacled starspawn (20)]
   179 | Abyss:2  | Annihilated by a tentacled starspawn

Vanquished Creatures
  A quasit (Abyss:2)
1 creature vanquished.

Vanquished Creatures (others)
  2 starspawn tentacles (Abyss:2)
2 creatures vanquished.

Grand Total: 3 creatures vanquished

Table legend:
 A = Non-vault XP
 B = Vault XP
 C = Vault XP percentage of total XP
 D = Non-vault monster count
 E = Vault monster count
 F = Vault count percentage of total count
                 A         B        C        D         E       F
            +---------+---------+-------+---------+---------+-------
      Total |      48 |       0 |   0.0 |       1 |       0 |   0.0
            +---------+---------+-------+---------+---------+-------
    Abyss:2 |      48 |       0 |   0.0 |       1 |       0 |   0.0
            +---------+---------+-------+---------+---------+-------

Illustrated notes

Table legend:
 A = Kills in this place as a percentage of kills in entire the game.
 B = Kills by you in this place as a percentage of kills by you in the entire game.
 C = Kills by friends in this place as a percentage of kills by friends in the entire game.
 D = Other kills in this place as a percentage of other kills in the entire game.
 E = Experience gained in this place as a percentage of experience gained in the entire game.
 F = Experience gained in this place divided by the number of levels of this place that you have seen.
                   A       B       C       D       E      F
               +-------+-------+-------+-------+-------+----------------------
         Total | 100.0 | 100.0 |   N/A |   N/A | 100.0 |  24.0
         Abyss | 100.0 | 100.0 |   N/A |   N/A | 100.0 |  24.0
               +-------+-------+-------+-------+-------+----------------------

Table legend: (Time is in decaauts)
 A = Elapsed time spent in this place.
 B = Non-inter-level travel time spent in this place.
 C = Inter-level travel time spent in this place.
 D = Time resting spent in this place.
 E = Time spent auto-exploring this place.
 F = Levels seen in this place.
 G = Mean time per level.
                   A        B        C        D        E       F      G
               +--------+--------+--------+--------+--------+-----+--------+
         Total |    178 |    178 |      0 |      0 |     82 |   2 |   89.0 |
         Abyss |    178 |    178 |      0 |      0 |     82 |   2 |   89.0 |
               +--------+--------+--------+--------+--------+-----+--------+

Top non-repeatable levels by time:
 Abyss:1: 101 daAuts
 Abyss:2: 77 daAuts
